 Dungeon Crawl Stone Soup version 0.31-a0-233-g139696dc86 (webtiles) character file.

Game seed: 13654561717750793129

91 qw the Shooter (level 4, -5/26 HPs)
             Began as a Gargoyle Hexslinger on July 7, 2023.
             Killed by divine providence
             ... invoked by an orc priest
              (15 damage)
             ... on level 2 of the Dungeon.
             The game lasted 00:00:48 (1192 turns).

qw the Shooter (Gargoyle Hexslinger)                Turns: 1192, Time: 00:00:49

Health: -5/26      AC:  8    Str: 12    XL:     4   Next: 59%
Magic:  5/5        EV: 10    Int: 13    God:
Gold:   67         SH:  0    Dex: 14    Spells: 4/5 levels left

rFire   . . .        Y - +1 sling
rCold   . . .        (no shield)
rNeg    + . .        f - +0 ring mail
rPois   inf          (no helmet)
rElec   +            (no cloak)
rCorr   .            (no gloves)
SInv    .            (no boots)
Will    .....        (no amulet)
Stlth   +            (no ring)
HPRegen 0.24/turn    (no ring)
MPRegen 0.09/turn

%: no passive effects
@: no status effects
A: sickness immunity, AC +3, negative energy resistance 1, electricity
resistance, torment resistance 1, petrification resistance
a: no special abilities


You were on level 2 of the Dungeon.
You visited 1 branch of the dungeon, and saw 2 of its levels.

You collected 67 gold pieces.


Innate Abilities, Weirdness & Mutations

You are immune to sickness and miasma.
Your stone body is resilient. (AC +3)
You are immune to poison.
You resist negative energy. (rN+)
You are resistant to electric shocks. (rElec)
You are resistant to unholy torment.
You are immune to petrification.


   Skills:
 - Level 2.0 Fighting
 + Level 4.1 Ranged Weapons
 - Level 1.0 Armour
 - Level 1.5 Dodging
 - Level 1.0 Spellcasting
 - Level 2.6 Hexes


You had 4 spell levels left.
You knew the following spells:

 Your Spells              Type           Power      Damage    Failure   Level
a - Slow                  Hex            28%        N/A       22%         1

Your spell library contained the following spells:

 Spells                   Type           Power      Damage    Failure   Level
 Inner Flame              Hex/Fire       4%         N/A       73%         3
 Portal Projectile        Hex/Tloc       8%         N/A       73%         3
 Cause Fear               Hex            3%         N/A       91%         4

Inventory:

Hand Weapons
 Y - a +1 sling (weapon)
Armour
 f - a +0 ring mail (worn)
Scrolls
 a - a scroll of identify
 b - a scroll of enchant armour {unknown}
 c - a scroll of teleportation {unknown}
Potions
 d - a potion of enlightenment

Dungeon Overview and Level Annotations

Branches:
Dungeon (2/15)

Altars:


Message History

The jackal bites you.
You shoot a sling bullet. The sling bullet hits the jackal.
The jackal is almost dead.
The jackal barely misses you. x2
You shoot a sling bullet.
The sling bullet closely misses the jackal.
The jackal bites you but does no damage.
The jackal misses you.
You shoot a sling bullet. The sling bullet hits the jackal.
You kill the jackal!
You start resting.
HP restored.
Things that are here:
a jackal corpse; a quokka corpse
Things that are here:
a jackal corpse; a quokka corpse
Found an escape hatch in the floor.
Found a stone staircase leading down.
Found a robe.
An orc priest is nearby!
You shoot a sling bullet. The orc priest shouts!
The sling bullet hits the orc priest but does no damage.
An orc priest is nearby!
You shoot a sling bullet.
The sling bullet hits the orc priest but does no damage.
You shoot a sling bullet.
The sling bullet hits the orc priest but does no damage.
The orc priest mumbles some strange prayers to Beogh against you.
Beogh smites you!
You shoot a sling bullet. The sling bullet hits the orc priest.
The orc priest is lightly wounded.
The orc priest hits you with a +0 war axe.
You shoot a sling bullet.
The sling bullet hits the orc priest but does no damage.
The orc priest is lightly wounded.
The orc priest invokes the aid of Beogh against you.
Beogh smites you!
Ouch! That really hurt!
You die...

*,,**,,*#.# #####.#####......
*,,**,,*#.#########.#######.....
*,*,,*,##[......####.#####..#...
*,,,,,,#.....##.#.....###.#.#.#.
***######.##.##.#.####.#........
#.......#.....)..>#!.########
#....#..####.#.......###### #
#....#.>####o#.<.....########
#...##......@##..........###.
###..####>#######..#######..##.
#.........#***###.###.}.###.##.
#.##.#.##..,,,###.##.....##.##.
#.#....#*..,,,###.#.......#....
#.#.#..#*,,,,,* #)#.~...~.#....
#.#....#*,,,,,* #.#.......#....
#.#.##.#*,,,,,* #.#.......#..#.
#......#**###,###.#.......#..#.


You could see an orc priest.

Vanquished Creatures
  An orc priest (D:2)
  An adder (D:2)
  2 dart slugs
  4 orcs (D:2)
  2 bats (D:1)
  4 endoplasms
  A giant cockroach (D:1)
  2 goblins (D:2)
  2 hobgoblins (D:1)
  4 jackals
  2 quokkas
  2 ball pythons
  2 frilled lizards (D:1)
  11 kobolds
  5 rats
45 creatures vanquished.

Notes
Turn   | Place    | Note
-------+----------+-------------------------------------------
     0 | D:1      | qw the Gargoyle Hexslinger began the quest for the Orb.
     0 | D:1      | Reached XP level 1. HP: 12/12 MP: 2/2
     0 | D:1      | 0 ||| qw: Version: 0.3-a-46-gb1f654a
     0 | D:1      | 0 ||| qw: Game counter: 3262
     0 | D:1      | 0 ||| qw: Melee chars always use a shield: true
     0 | D:1      | 0 ||| qw: God list: Okawaru
     0 | D:1      | 0 ||| qw: Allow faded altars: false
     0 | D:1      | 0 ||| qw: Do Orc after clearing Dungeon:15 true
     0 | D:1      | 0 ||| qw: Do second Lair branch before Depths: true
     0 | D:1      | 0 ||| qw: Lair rune preference: random
     0 | D:1      | 0 ||| qw: Goals: Normal
     0 | D:1      | 0 ||| PLANNING D:1-11
   102 | D:1      | Reached XP level 2. HP: 16/16 MP: 3/3
   108 | D:1      | 108 ||| FLEEEEING.
   109 | D:1      | 109 ||| FLEEEEING.
   110 | D:1      | 110 ||| FLEEEEING.
   149 | D:1      | Reached skill level 3 in Ranged Weapons
   316 | D:1      | Reached XP level 3. HP: 21/21 MP: 4/4
   492 | D:1      | 492 ||| UPGRADING to +0 ring mail.
   502 | D:1      | 502 ||| DROPPING +0 robe.
   503 | D:1      | 503 ||| READING 2 scrolls labelled QAGYKE GESE.
   504 | D:1      | 504 ||| READING scroll labelled OJUASA YQUO.
   505 | D:1      | 505 ||| DRINKING 2 green potions.
   506 | D:1      | 506 ||| DROPPING scroll of poison.
   721 | D:2      | 721 ||| READING scroll labelled KUTUAJIDOT.
   722 | D:2      | 722 ||| READING scroll labelled QUNEAD NUISM.
   723 | D:2      | 723 ||| READING scroll labelled WACUTHRA FAEGID.
   724 | D:2      | 724 ||| READING 2 scrolls of identify.
   724 | D:2      | 724 ||| IDENTIFYING murky pink potion
   725 | D:2      | 725 ||| DROPPING potion of degeneration.
   793 | D:2      | HP: 5/21 [orc/+2 vampiric dagger (2)]
   798 | D:2      | 798 ||| FLEEEEING.
   799 | D:2      | 799 ||| FLEEEEING.
   806 | D:2      | 806 ||| FLEEEEING.
   807 | D:2      | 807 ||| FLEEEEING.
   808 | D:2      | 808 ||| FLEEEEING.
   809 | D:2      | 809 ||| FLEEEEING.
   810 | D:2      | 810 ||| FLEEEEING.
   811 | D:2      | 811 ||| STAIRDANCE
   866 | D:2      | 866 ||| STAIRDANCE
   892 | D:2      | Reached skill level 4 in Ranged Weapons
   892 | D:2      | Reached XP level 4. HP: 16/26 MP: 5/5
  1015 | D:2      | Reached skill level 1 in Armour
  1192 | D:2      | Killed from afar by an orc priest

Levels and vault maps discovered:
D:1:      lightli_arrival_noodles, layout_basic, minmay_box_of_dots
D:2:      cheibrodos_pilgrimage, layout_loops_cross, kennysheep_generic_room_15

Skill      XL: |  1  2  3  4 |
---------------+-------------+-----
Ranged Weapons | 3 4 |  4.1
Fighting       | 2 |  2.0
Armour         | 1 |  1.0
Dodging        | |  1.5
Spellcasting   | |  1.0
Hexes          | |  2.6

Action                     |  1- 3 |  4- 6 || total
---------------------------+-------+-------++-------
   Fire: Sling             |   159 |    38 ||   197
    Use: Scroll            |     6 |       ||     6
         Potion            |     1 |       ||     1
 Armour: Robe              |    11 |       ||    11
         Ring mail         |    16 |    14 ||    30
  Dodge: Dodged            |    59 |    18 ||    77

Table legend:
 A = Non-vault XP
 B = Vault XP
 C = Vault XP percentage of total XP
 D = Non-vault monster count
 E = Vault monster count
 F = Vault count percentage of total count
                 A         B        C        D         E       F
            +---------+---------+-------+---------+---------+-------
      Total |      76 |      55 |  42.0 |      38 |       7 |  15.6
            +---------+---------+-------+---------+---------+-------
        D:1 |      41 |       2 |   4.7 |      25 |       2 |   7.4
        D:2 |      35 |      53 |  60.2 |      13 |       5 |  27.8
            +---------+---------+-------+---------+---------+-------
